 Dungeon Crawl Stone Soup version 0.19-a0-644-gd04d753 (webtiles) character file.

2797 ghostrobin the Nimble (level 9, -3/53 HPs)
             Began as a Spriggan Chaos Knight on June 14, 2016.
             Slain by a wolf (4 damage)
             ... led by Grum
             ... on level 7 of the Dungeon.
             The game lasted 00:14:50 (7058 turns).

ghostrobin the Nimble (Spriggan Chaos Knight)       Turns: 7058, Time: 00:14:51

Health: -3/53      AC:  6    Str:  7 (8)  XL:     9   Next: 43%
Magic:  10/10      EV: 26    Int: 13      God:    Xom [...*..]
Gold:   393        SH:  0    Dex: 17      Spells: 0 memorised, 8 levels left

rFire  . . .     SeeInvis +     a - +0 short sword (chaos)
rCold  . . .     Gourm    .     b - +2 robe
rNeg   + . .     Faith    .     (shield restricted)
rPois  .         Spirit   .     (helmet restricted)
rElec  .         Dismiss  .     (no cloak)
rCorr  .         Reflect  .     (gloves unavailable)
SustAt .         Harm     +     (boots unavailable)
MR     ++...                    l - amulet of harm
Stlth  ++........               r - ring of positive energy
                                e - ring of protection from magic

@: very quick, very resistant to hostile enchantments, unstealthy
A: unfitting armour, horns 1, slimy green scales 1, see invisible, clumsy 1,
herbivore 3, speed 3, slow metabolism 2
a: Renounce Religion


You were on level 7 of the Dungeon.
You worshipped Xom.
You were a favourite toy of Xom.
You were not hungry.

You visited 1 branch of the dungeon, and saw 8 of its levels.

You collected 393 gold pieces.

Inventory:

Hand Weapons
 a - a +0 short sword of chaos (weapon)
 m - a +2 dagger of venom
Armour
 b - a +2 robe (worn)
Jewellery
 e - a ring of protection from magic (left hand)
 k - a +3 amulet of reflection {unknown}
 l - an amulet of harm (around neck)
 r - a ring of positive energy (right hand)
Wands
 q - a wand of slowing (13/48)
Scrolls
 d - 2 scrolls of amnesia {unknown}
 g - a scroll of fear {unknown}
 h - 10 scrolls of identify {unknown}
 i - 2 scrolls of teleportation {unknown}
 j - a scroll of random uselessness {unknown}
 p - a scroll of recharging {unknown}
 s - 3 scrolls of remove curse {unknown}
 u - 2 scrolls of blinking {unknown}
 w - 2 scrolls of enchant armour {unknown}
Potions
 n - a potion of haste {unknown}
 o - 3 potions of degeneration
 t - a potion of resistance
 v - a potion of agility {unknown}
 x - a potion of curing {unknown}
 z - 2 potions of lignification {unknown}
 A - a potion of flight {unknown}
 B - a potion of might {unknown}
 C - a potion of berserk rage {unknown}
 D - a potion of ambrosia {unknown}
 E - a potion of cancellation {unknown}
Miscellaneous
 y - a disc of storms
Comestibles
 c - 3 bread rations
 f - 2 fruits
 F - a slice of pizza


   Skills:
 + Level 9.5 Fighting
 - Level 4.1 Short Blades
 - Level 10.1 Dodging


You had 8 spell levels left.
You didn't know any spells.

Dungeon Overview and Level Annotations

Branches:
Dungeon (8/15)             Temple (0/1) D:5
   Lair: D:8-11

Altars:
Cheibriados
Makhleb
Xom

Annotations:
D:8 Grum
Abyss:1 Duvessa


Innate Abilities, Weirdness & Mutations

You are tiny and cannot use many weapons and most armour.
You have supernaturally acute eyesight. (SInv)
You are a herbivore.
You cover ground extremely quickly.
You need consume almost no food.
You have a pair of small horns on your head.
You are partially covered in slimy green scales. (AC +2)
You are clumsy. (Dex -2)


Message History

The wolf is severely wounded.
The wolf closely misses you. The wolf bites you but does no damage.
The wolf completely misses you.
You hit the wolf. You burn the wolf.
The wolf is almost dead.
The wolf closely misses you. The wolf barely misses you. The wolf misses you.
You closely miss the wolf.
The wolf is almost dead.
The wolf misses you. The wolf bites you.
* * * LOW HITPOINT WARNING * * *
The wolf misses you.
You barely miss the wolf.
The wolf is almost dead.
The wolf bites you but does no damage. The wolf closely misses you.
The wolf completely misses you. x2
You closely miss the wolf.
The wolf is almost dead.
The wolf misses you. The wolf bites you.
You die...
Xom titters!

.# #...........##.# #.#
.# #.############.# #.#
.######.########## #.#
#.#
.##..............###)#
#.#
.##.###.####.#....##.#
#.# ..#.# #.#
#.#..#....# ##.## ..#.#
#.# #.##<.(#### #...#
..#.# #.# #.###h##
###...### ...(# #.# #.#
#@# #.......##
.######.####.###h####
#........#
..[.......##>.......#
#........#
.########.##..##.##.#
###...##.# )#
#.##..##.##.#####...##.#
.#
#.##..##.........#####.#
.## #.##..#####.####.#
#.#
..#######.##..#####.#
#.# #.#
.....)..............#
#.# #.#


You could see 2 wolves.

Vanquished Creatures
  A water moccasin (D:7)
  A sky beast (D:6)
  A phantom (D:4)
  2 ice beasts
  A black bear (D:6)
  2 ogres (D:5)
  An orc warrior (D:6)
  3 centaurs
  2 giant frogs (D:6)
  Dowan (D:7)
  3 scorpions
  A crimson imp (D:5)
  A giant frog zombie (D:5)
  A giant frog skeleton (D:5)
  2 orc priests (D:4)
  A centaur skeleton (D:6)
  6 hounds
  6 orc wizards
  4 worker ants
  A worker ant zombie (D:6)
  9 adders
  2 gnolls (D:3)
  2 shadow imps
  An ooze (D:5)
  An adder zombie (D:5)
  2 adder skeletons
  3 dart slugs
  4 giant geckos
  20 orcs
  5 ball pythons
  9 bats
  7 giant cockroaches
  A goblin (D:2)
  4 hobgoblins
  3 jackals (D:5)
  A quokka (D:3)
  9 giant newts
  6 kobolds
  A quokka skeleton (D:5)
  5 rats
136 creatures vanquished.

Vanquished Creatures (collateral kills)
  Pikel (D:6)
  4 slaves (D:6)
  An ice beast (D:5)
  A crimson imp (D:5)
  A quokka skeleton (D:5)
8 creatures vanquished.

Grand Total: 144 creatures vanquished

Notes
Turn   | Place    | Note
--------------------------------------------------------------
     0 | D:1      | ghostrobin the Spriggan Chaos Knight began the quest for the Orb.
     0 | D:1      | Reached XP level 1. HP: 11/11 MP: 2/2
    53 | D:1      | Reached skill level 4 in Dodging
   345 | D:1      | Reached XP level 2. HP: 12/16 MP: 3/3
   612 | D:2      | XOM: cloud trail
   618 | D:2      | Reached skill level 5 in Dodging
   694 | D:2      | XOM: harmless Tmut miscast
   721 | D:2      | XOM: potion effect (brilliance)
   740 | D:2      | Reached XP level 3. HP: 7/19 MP: 4/4
  1079 | D:2      | Reached skill level 6 in Dodging
  1286 | D:3      | Found a snail-covered altar of Cheibriados.
  1304 | D:3      | Reached XP level 4. HP: 17/23 MP: 5/5
  1325 | D:3      | XOM: harmless Fire miscast
  1407 | D:3      | Reached skill level 7 in Dodging
  1834 | D:4      | XOM: give mutations
  1834 | D:4      | Gained mutation: You are clumsy. (Dex -2) [Xom's mischief]
  1834 | D:4      | Gained mutation: You have a pair of small horns on your head. [Xom's mischief]
  2046 | D:4      | XOM: potion effect (might)
  2053 | D:4      | Reached skill level 8 in Dodging
  2053 | D:4      | Reached XP level 5. HP: 20/27 MP: 6/6
  2305 | D:4      | XOM: divination: magic mapping
  2314 | D:4      | Reached skill level 9 in Dodging
  2440 | D:4      | Reached XP level 6. HP: 27/32 MP: 7/7
  2671 | D:4      | XOM: divination: magic mapping
  2731 | D:4      | XOM: butterfly on damage
  2731 | D:4      | XOM: smoke on damage
  2745 | D:4      | XOM: enchant monster (bad)
  2752 | D:4      | XOM: fake destruction
  2762 | D:4      | XOM: summons friendly crimson imp
  2771 | D:4      | XOM: summons friendly white imp
  2807 | D:4      | XOM: polymorph crimson imp -> quasit
  2976 | D:4      | XOM: harmless Hex miscast
  3070 | D:5      | Entered Level 5 of the Dungeon
  3098 | D:5      | Noticed an ice beast
  3174 | D:5      | Reached XP level 7. HP: 36/36 MP: 8/8
  3209 | D:5      | XOM: confuse monster(s)
  3290 | D:5      | XOM: give mutations
  3290 | D:5      | Gained mutation: You are partially covered in slimy green scales. (AC +2) [Xom's grace]
  3392 | D:5      | XOM: cleaving
  3517 | D:5      | HP: 1/37 [ice beast (15)]
  3521 | D:5      | XOM: summons 4 friendly demons
  3893 | D:5      | XOM: scenery: create altars
  4078 | D:5      | XOM: 2-stop teleportation journey
  4162 | D:5      | Found a staircase to the Ecumenical Temple.
  4186 | D:5      | Reached skill level 5 in Fighting
  4397 | D:5      | XOM: mild Tmut miscast
  4466 | D:5      | XOM: summons friendly white imp
  4531 | D:5      | XOM: god gift: disc of storms
  4690 | D:5      | XOM: mild Tloc miscast
  4691 | D:5      | Noticed a spatial vortex
  4928 | D:6      | Noticed Pikel
  4946 | D:6      | Killed Pikel
  4946 | D:6      | Reached XP level 8. HP: 41/46 MP: 9/9
  4995 | D:6      | Found a burning altar of Makhleb.
  4996 | D:6      | Noticed a green death
  5001 | D:6      | XOM: harmless Summ miscast
  5006 | D:6      | XOM: enchant monster (good)
  5014 | D:6      | XOM: noise
  5825 | D:6      | XOM: summons friendly crimson imp
  5842 | D:6      | Reached XP level 9. HP: 43/52 MP: 10/10
  5875 | D:6      | XOM: enchant monster (good)
  6349 | D:7      | XOM: summons 2 friendly demons
  6387 | D:7      | Reached skill level 10 in Dodging
  6685 | D:7      | Noticed Duvessa
  6687 | D:7      | Noticed Dowan
  6695 | D:7      | Banished Duvessa
  6701 | D:7      | XOM: summons friendly quasit
  6722 | D:7      | Killed Dowan
  7030 | D:8      | Noticed Grum
  7056 | D:7      | HP: 1/53 [wolf[Grum] (3)]
  7058 | D:7      | Slain by a wolf

Vault maps used:
D:1:      saegor_arrival_simple_d
D:3:      cheibriados_altar_wand_db
D:4:      hex_medium
D:5:      first_bread
D:6:      makhleb_altar_promises_db, uniq_pikel
D:7:      uniq_duvessa
D:8:      gammafunk_temple_overflow_claw, uniq_grum, uniq_maurice

Skill      XL: |  1  2  3  4  5  6  7  8  9 |
---------------+----------------------------+-----
Dodging        | 4 5 6 8 9 10 | 10.1
Short Blades   | 4 |  4.1
Fighting       | 3 7 8 9 |  9.5

Action                   |  1- 3 |  4- 6 |  7- 9 || total
-------------------------+-------+-------+-------++-------
Melee: Short sword       |   100 |    55 |   415 ||   570
       Dagger            |    22 |   102 |    74 ||   198
       Headbutt          |       |    21 |    77 ||    98
Evoke: Disc of storms    |       |       |    11 ||    11
  Use: Potion            |       |       |     3 ||     3
 Stab: Sleeping          |     2 |     2 |     2 ||     6
       Paralysed         |     1 |       |     1 ||     2
       Confused          |       |       |     3 ||     3
       Petrified         |       |       |     3 ||     3
       Petrifying        |       |       |     2 ||     2
  Eat: Bread ration      |       |       |     1 ||     1
Armor: Robe              |    19 |    11 |    47 ||    77
Dodge: Dodged            |    97 |   102 |   479 ||   678
